 Dungeon Crawl Stone Soup version 0.31-a0-210-gccc998df9b (webtiles) character file.

Game seed: 10773655375492104349

11191 qw the Cleaver (level 11, -7/71 HPs)
             Began as a Gargoyle Fighter on June 30, 2023.
             Was an Elder of Okawaru.
             Mangled by a death knight
             ... wielding a +4 morningstar of protection
              (11 damage)
             ... on level 10 of the Dungeon.
             The game lasted 00:04:53 (9582 turns).

qw the Cleaver (Gargoyle Fighter)                   Turns: 9582, Time: 00:04:54

Health: -7/71      AC: 29    Str: 29    XL:     11   Next: 73%
Magic:  7/13       EV: 11    Int: 10    God:    Okawaru [****..]
Gold:   639        SH: 11    Dex:  9    Spells: 10/10 levels left

rFire   . . .        Y - +0 broad axe (elec)
rCold   + . .        c - +0 buckler
rNeg    + . .        w - +2 chain mail {rC+}
rPois   inf          a - +0 helmet
rElec   +            k - +0 cloak
rCorr   .            h - +0 pair of gloves {infuse}
SInv    .            e - +0 pair of boots
Will    +....        p - amulet of reflection Stlth
                     g - +6 ring of strength
HPRegen 0.31/turn    i - ring of willpower
MPRegen 0.13/turn

%: reflection, infuse magic (1 MP)
@: about to teleport, heroic, flying
A: sickness immunity, AC +8, negative energy resistance 1, electricity
resistance, torment resistance 1, petrification resistance, big wings, low MP 1
a: Renounce Religion, Heroism, Finesse


You were on level 10 of the Dungeon.
You worshipped Okawaru.
Okawaru was greatly pleased with you.
You visited 2 branches of the dungeon, and saw 11 of its levels.

You collected 639 gold pieces.


Innate Abilities, Weirdness & Mutations

You are immune to sickness and miasma.
Your stone body is resilient. (AC +8)
You are immune to poison.
You resist negative energy. (rN+)
You are resistant to electric shocks. (rElec)
You are resistant to unholy torment.
You are immune to petrification.
Your large and strong wings let you fly.
Your magical capacity is low. (-10% MP)


   Skills:
 + Level 9.4(14.4) Fighting
 - Level 12.0(17.0) Axes
 - Level 1.0(6.0) Throwing
 - Level 8.0(13.0) Armour
 - Level 2.1(7.1) Dodging
 - Level 6.3(11.3) Shields
 + Level 5.3 Invocations


You had 10 spell levels left.
You didn't know any spells.
Your spell library was empty.

Inventory:

Hand Weapons
 y - a +4 war axe of flaming
 Y - a +0 broad axe of electrocution (weapon)
Missiles
 o - 10 boomerangs (quivered)
Armour
 a - a +0 helmet (worn)
 c - a +0 buckler (worn)
 e - a +0 pair of boots (worn)
 h - a +0 pair of gloves of infusion (worn)
 k - a +0 cloak (worn)
 r - a +0 plate armour
 w - a +2 chain mail of cold resistance (worn)
Jewellery
 g - a +6 ring of strength (left hand)
 i - a ring of willpower (right hand)
 l - a ring of fire
 p - an amulet of reflection (around neck)
Wands
 s - a wand of digging (12)
Scrolls
 f - 6 scrolls of teleportation
 j - 3 scrolls of identify
Potions
 b - 2 potions of attraction
 d - 3 potions of might
 m - 2 potions of curing
 n - a potion of enlightenment
 q - a potion of resistance
 t - a potion of mutation
 v - a potion of cancellation

Dungeon Overview and Level Annotations

Branches:
Dungeon (10/15)            Temple (1/1) D:5             Orc (0/2) D:10
   Lair: D:8-11

Altars:
Ashenzari
Cheibriados
Dithmenos
Elyvilon
Fedhas
Gozag
Hepliaklqana
Kikubaaqudgha
Makhleb
Nemelex Xobeh
Okawaru
Qazlal
Ru
Sif Muna
Trog
Uskayaw
Vehumet
Wu Jian
Xom
Yredelemnul
Zin
The Shining One

Annotations:
D:8 2 runed translucent doors
D:10 1 transporter


Message History

You slash the orc!
You kill the orc!
Okawaru accepts your kill.
You hit the orc but do no damage. You block the orc's attack.
The orc priest hits you but does no damage.
The orc barely misses you. The orc priest barely misses you.
You slice the orc!!
You kill the orc!
The orc priest barely misses you.
You feel yourself speed up.
Your surroundings suddenly seem different.
You start resting.
You feel like a meek peon again.
A death knight is nearby!
9527 ||| Stepping ~*~*~tactically~*~*~ (stealth).
9528 ||| Stepping ~*~*~tactically~*~*~ (stealth).
You start resting.
A death knight is nearby!
9535 ||| Stepping ~*~*~tactically~*~*~ (stealth).
You start resting.
A death knight is nearby!
9577 ||| INVOKING Heroism.
You gain the combat prowess of a mighty hero.
The death knight shouts!
The death knight offers itself to Yredelemnul, and fills with unholy energy.
The death knight hits you with a +4 morningstar of protection!
9580 ||| READING 7 scrolls of teleportation.
As you read the scroll of teleportation, it crumbles to dust.
You feel strangely unstable.
The death knight mumbles some strange prayers to Yredelemnul against you.
You resist with some effort.
You slice the death knight!!
The death knight is moderately wounded.
The death knight reflects your damage back at you!
The death knight hits you but does no damage.
You hit the death knight but do no damage.
The death knight is moderately wounded.
The death knight hits you with a +4 morningstar of protection!
You die...

#....#...........######
#.#######.....#### #
#....#.)..##..# #
##.#.#.#####..# #
#.#.#.# #..# #
#.#...#####p.#
#.##.#.......##
#.##.p#.#.....# #####
#.#..@##......####...#
#.#.#.###........#....
#.#...##......#.#.....
#.###.#.#......###....
#.........p.###.#....<
######.###### ##.#...#
#......######...#
#[..............>
#################


You could see a death knight (reflects damage).

Vanquished Creatures
  Josephine (D:10)
  2 two-headed ogres (D:8)
  An orc knight (D:10)
  Pikel (D:6)
  An unseen horror (D:10)
  3 kobold demonologists (D:9)
  Prince Ribbit (D:6)
  Sigmund (D:3)
  3 wyverns
  4 wraiths (D:10)
  6 yaks (D:10)
  Grum (D:10)
  A steam dragon (D:9)
  2 acid dragons (D:9)
  A water moccasin (D:5)
  Duvessa (D:5)
  8 orc warriors
  An ice beast (D:6)
  3 sky beasts
  4 black bears
  2 ogres
  3 wolves (D:10)
  3 centaurs
  A phantom (D:5)
  2 kobold brigands
  2 bullfrogs
  A gnoll sergeant (D:8)
  4 scorpions
  3 wights (D:8)
  Dowan (D:5)
  14 killer bees
  A howler monkey (D:8)
  3 orc priests
  A jelly (D:5)
  2 hounds
  A sleepcap (D:4)
  A gnoll bouda (D:10)
  Terence (D:3)
  Natasha (thrice) (D:3)
  2 iguanas (D:5)
  3 orc wizards
  17 gnolls
  4 adders
  2 shadow imps
  A white imp (D:5)
  An ufetubus (D:4)
  3 dart slugs
  36 orcs
  8 endoplasms
  8 giant cockroaches
  6 goblins
  3 hobgoblins
  4 jackals (D:1)
  17 kobolds
  6 quokkas
  5 ball pythons
  A bat (D:1)
  4 frilled lizards
  7 rats
233 creatures vanquished.

Vanquished Creatures (others)
  A kobold (D:9)
1 creature vanquished.

Grand Total: 234 creatures vanquished

Notes
Turn   | Place    | Note
-------+----------+-------------------------------------------
     0 | D:1      | qw the Gargoyle Fighter began the quest for the Orb.
     0 | D:1      | Reached XP level 1. HP: 14/14 MP: 1/1
     0 | D:1      | 0 ||| qw: Version: 0.3-a-24-ga2abf7b
     0 | D:1      | 0 ||| qw: Game counter: 7132
     0 | D:1      | 0 ||| qw: Melee chars always use a shield: true
     0 | D:1      | 0 ||| qw: God list: Okawaru
     0 | D:1      | 0 ||| qw: Allow faded altars: false
     0 | D:1      | 0 ||| qw: Do Orc after clearing Dungeon:15 true
     0 | D:1      | 0 ||| qw: Do second Lair branch before Depths: true
     0 | D:1      | 0 ||| qw: Lair rune preference: random
     0 | D:1      | 0 ||| qw: Goals: Normal, Zot:1-4, Slime:5, God:TSO, Crypt,
                  | Tomb, Abyss, Pan, Hells, Win
     0 | D:1      | 0 ||| PLANNING D:1-11
    19 | D:1      | Reached skill level 2 in Axes
   131 | D:1      | Reached XP level 2. HP: 19/19 MP: 2/2
   137 | D:1      | 137 ||| Stepping ~*~*~tactically~*~*~ (hiding).
   243 | D:1      | Reached skill level 3 in Axes
   289 | D:1      | Reached XP level 3. HP: 23/23 MP: 3/3
   599 | D:1      | 599 ||| UPGRADING to +0 pair of boots.
   604 | D:1      | 604 ||| READING scroll labelled DOTUSA YSERIL.
   605 | D:1      | 605 ||| READING scroll labelled KOMIRIU LAUSTO.
   651 | D:2      | 651 ||| READING scroll of enchant weapon.
   651 | D:2      | 651 ||| ENCHANTING +1 war axe.
   734 | D:2      | 734 ||| Stepping ~*~*~tactically~*~*~ (stealth).
   770 | D:2      | Found a faded altar of an unknown god.
   887 | D:2      | 887 ||| Stepping ~*~*~tactically~*~*~ (stealth).
  1046 | D:2      | Identified the +0 robe of Koim Cuawn {-Tele Int+6 Dex+2}
  1069 | D:2      | 1069 ||| DROPPING +0 club.
  1131 | D:2      | 1131 ||| UPGRADING to +0 chain mail.
  1141 | D:2      | 1141 ||| DROPPING +0 scale mail.
  1142 | D:2      | 1142 ||| READING scroll labelled KOOHAFRU BENYO.
  1143 | D:2      | 1143 ||| READING scroll labelled NUCSUSHR NEQEN.
  1144 | D:2      | 1144 ||| READING scroll labelled ECKIFY RUECEHI.
  1173 | D:3      | Reached XP level 4. HP: 28/28 MP: 4/4
  1229 | D:3      | Noticed Natasha
  1240 | D:3      | Killed Natasha
  1241 | D:3      | Reached skill level 4 in Axes
  1291 | D:3      | Found a blossoming altar of Fedhas.
  1329 | D:3      | 1329 ||| Stepping ~*~*~tactically~*~*~ (stealth).
  1330 | D:3      | Noticed Natasha
  1332 | D:3      | Noticed Terence
  1343 | D:3      | HP: 7/28 [Terence/+0 trident (3)]
  1344 | D:3      | 1344 ||| READING scroll of teleportation.
  1346 | D:3      | HP: 2/28 [cerulean imp/+2 spear[Natasha] (4)]
  1366 | D:3      | 1366 ||| FLEEEEING.
  1367 | D:3      | 1367 ||| FLEEEEING.
  1370 | D:3      | 1370 ||| FLEEEEING.
  1374 | D:3      | 1374 ||| FLEEEEING.
  1377 | D:3      | Killed Natasha
  1378 | D:3      | Reached XP level 5. HP: 11/32 MP: 5/5
  1380 | D:3      | HP: 5/32 [Terence/+0 trident (5)]
  1385 | D:3      | HP: 3/32 [Terence/+0 trident (2)]
  1386 | D:3      | HP: 1/32 [Terence/+0 trident (2)]
  1388 | D:3      | Killed Terence
  1474 | D:3      | 1474 ||| FLEEEEING.
  1477 | D:3      | 1477 ||| STAIRDANCE
  1520 | D:3      | 1520 ||| Stepping ~*~*~tactically~*~*~ (hiding).
  1539 | D:3      | Noticed Natasha
  1540 | D:3      | 1540 ||| Stepping ~*~*~tactically~*~*~ (stealth).
  1541 | D:3      | 1541 ||| Stepping ~*~*~tactically~*~*~ (stealth).
  1542 | D:3      | 1542 ||| Stepping ~*~*~tactically~*~*~ (stealth).
  1544 | D:3      | 1544 ||| Stepping ~*~*~tactically~*~*~ (hiding).
  1552 | D:3      | Killed Natasha
  1553 | D:3      | Reached skill level 5 in Axes
  1604 | D:3      | Noticed Sigmund
  1612 | D:3      | Killed Sigmund
  1613 | D:3      | Reached XP level 6. HP: 33/40 MP: 6/6
  1716 | D:3      | 1716 ||| Stepping ~*~*~tactically~*~*~ (hiding).
  1718 | D:3      | 1718 ||| Stepping ~*~*~tactically~*~*~ (hiding).
  1932 | D:3      | 1932 ||| Stepping ~*~*~tactically~*~*~ (stealth).
  1966 | D:3      | 1966 ||| UPGRADING to +0 pair of gloves of infusion.
  1971 | D:3      | 1971 ||| READING scroll labelled YFENTIKHE.
  1972 | D:3      | 1972 ||| READING scroll labelled VINOGG RIOTHAMN.
  1973 | D:3      | 1973 ||| DROPPING +0 morningstar.
  1974 | D:3      | 1974 ||| READING 2 scrolls of identify.
  1974 | D:3      | 1974 ||| IDENTIFYING coppery potion
  2233 | D:4      | 2233 ||| READING scroll of enchant weapon.
  2233 | D:4      | 2233 ||| ENCHANTING +2 war axe of flaming.
  2280 | D:4      | Reached XP level 7. HP: 14/44 MP: 2/7
  2413 | D:4      | Reached skill level 6 in Axes
  2490 | D:4      | Reached skill level 1 in Dodging
  2778 | D:4      | 2778 ||| DROPPING scarf of shadows.
  2779 | D:4      | 2779 ||| DROPPING ring of wizardry.
  2780 | D:4      | 2780 ||| READING scroll labelled DYELEW BEM ZINYN.
  2781 | D:4      | 2781 ||| READING scroll labelled RIODIX RIOSS.
  2782 | D:4      | 2782 ||| READING scroll labelled ALAEXZ QAMO.
  2783 | D:4      | 2783 ||| DRINKING 2 murky red potions.
  2784 | D:4      | 2784 ||| READING 2 scrolls of identify.
  2784 | D:4      | 2784 ||| IDENTIFYING sedimented yellow potion
  2785 | D:4      | 2785 ||| DROPPING potion of brilliance.
  2786 | D:4      | 2786 ||| DROPPING potion of degeneration.
  2815 | D:5      | Entered Level 5 of the Dungeon
  2926 | D:5      | Reached skill level 7 in Axes
  3004 | D:5      | Reached skill level 1 in Throwing
  3034 | D:5      | Reached XP level 8. HP: 49/49 MP: 6/8
  3186 | D:5      | 3186 ||| Stepping ~*~*~tactically~*~*~ (stealth).
  3188 | D:5      | Noticed Duvessa
  3188 | D:5      | Noticed Dowan
  3189 | D:5      | 3189 ||| Stepping ~*~*~tactically~*~*~ (hiding).
  3195 | D:5      | Killed Duvessa
  3196 | D:5      | Reached skill level 8 in Axes
  3202 | D:5      | Killed Dowan
  3413 | D:5      | Found a staircase to the Ecumenical Temple.
  3414 | D:5      | 3414 ||| PLANNING TEMPLE
  3414 | D:5      | 3414 ||| FLEEEEING.
  3415 | D:5      | 3415 ||| FLEEEEING.
  3416 | D:5      | 3416 ||| FLEEEEING.
  3417 | D:5      | 3417 ||| FLEEEEING.
  3418 | D:5      | 3418 ||| FLEEEEING.
  3419 | D:5      | 3419 ||| FLEEEEING.
  3420 | D:5      | 3420 ||| FLEEEEING.
  3421 | D:5      | 3421 ||| FLEEEEING.
  3431 | D:5      | 3431 ||| STAIRDANCE
  3448 | D:4      | 3448 ||| UPGRADING to +6 ring of strength.
  3449 | D:4      | 3449 ||| UPGRADING to ring of willpower.
  3450 | D:4      | 3450 ||| READING scroll labelled EGROUHYC OROEV.
  3451 | D:4      | 3451 ||| READING 2 scrolls of identify.
  3451 | D:4      | 3451 ||| IDENTIFYING purple potion
  3478 | Temple   | Entered the Ecumenical Temple
  3511 | Temple   | 3511 ||| PLANNING OKAWARU WORSHIP
  3590 | Temple   | Became a worshipper of Warmaster Okawaru
  3591 | Temple   | 3591 ||| PLANNING D:1-11
  3631 | D:5      | 3631 ||| Stepping ~*~*~tactically~*~*~ (hiding).
  3863 | D:5      | 3863 ||| UPGRADING to +0 cloak.
  3914 | D:6      | 3914 ||| STAIRDANCE
  3917 | D:5      | Reached skill level 6 in Fighting
  3950 | D:6      | 3950 ||| STAIRDANCE
  3969 | D:6      | 3969 ||| STAIRDANCE
  4037 | D:6      | 4037 ||| Stepping ~*~*~tactically~*~*~ (stealth).
  4038 | D:6      | 4038 ||| Stepping ~*~*~tactically~*~*~ (stealth).
  4039 | D:6      | 4039 ||| Stepping ~*~*~tactically~*~*~ (hiding).
  4043 | D:6      | 4043 ||| FLEEEEING.
  4140 | D:6      | 4140 ||| Stepping ~*~*~tactically~*~*~ (hiding).
  4224 | D:6      | Reached XP level 9. HP: 55/55 MP: 7/9
  4224 | D:6      | 4224 ||| FLEEEEING.
  4230 | D:6      | 4230 ||| FLEEEEING.
  4231 | D:6      | 4231 ||| FLEEEEING.
  4235 | D:6      | 4235 ||| FLEEEEING.
  4236 | D:6      | 4236 ||| FLEEEEING.
  4238 | D:6      | 4238 ||| FLEEEEING.
  4239 | D:6      | 4239 ||| FLEEEEING.
  4240 | D:6      | 4240 ||| FLEEEEING.
  4249 | D:6      | Reached skill level 9 in Axes
  4387 | D:6      | Noticed Pikel
  4389 | D:6      | 4389 ||| Stepping ~*~*~tactically~*~*~ (stealth).
  4393 | D:6      | Killed Pikel
  4393 | D:6      | Reached * piety under Okawaru
  4437 | D:6      | Reached skill level 1 in Invocations
  4575 | D:6      | Noticed Prince Ribbit
  4576 | D:6      | 4576 ||| INVOKING Heroism.
  4587 | D:6      | Killed Prince Ribbit
  4588 | D:6      | Reached skill level 3 in Invocations
  4875 | D:6      | 4875 ||| UPGRADING to +0 plate armour.
  4885 | D:6      | 4885 ||| DROPPING +0 chain mail.
  4886 | D:6      | 4886 ||| UPGRADING to amulet of reflection.
  4891 | D:6      | 4891 ||| DRINKING 2 sapphire potions.
  4996 | D:6      | 4996 ||| DROPPING potion of berserk rage.
  5029 | D:7      | 5029 ||| STAIRDANCE
  5135 | D:7      | 5135 ||| STAIRDANCE
  5155 | D:7      | 5155 ||| Stepping ~*~*~tactically~*~*~ (hiding).
  5333 | D:7      | 5333 ||| Stepping ~*~*~tactically~*~*~ (stealth).
  5393 | D:7      | Found a broken altar of Ashenzari.
  5474 | D:7      | 5474 ||| Stepping ~*~*~tactically~*~*~ (stealth).
  5476 | D:7      | 5476 ||| Stepping ~*~*~tactically~*~*~ (hiding).
  5756 | D:7      | 5756 ||| UPGRADING to +0 helmet.
  5794 | D:8      | 5794 ||| STAIRDANCE
  5799 | D:7      | Reached skill level 6 in Armour
  5860 | D:8      | Reached ** piety under Okawaru
  5861 | D:8      | Reached XP level 10. HP: 60/63 MP: 8/13
  5871 | D:8      | 5871 ||| FLEEEEING.
  5873 | D:8      | 5873 ||| STAIRDANCE
  5898 | D:8      | 5898 ||| Stepping ~*~*~tactically~*~*~ (stealth).
  5899 | D:8      | 5899 ||| Stepping ~*~*~tactically~*~*~ (stealth).
  5912 | D:8      | Found an opulent altar of Gozag.
  5946 | D:8      | 5946 ||| FLEEEEING.
  6090 | D:8      | Found a runed translucent door.
  6140 | D:8      | 6140 ||| FLEEEEING.
  6141 | D:8      | 6141 ||| FLEEEEING.
  6142 | D:8      | 6142 ||| FLEEEEING.
  6143 | D:8      | 6143 ||| FLEEEEING.
  6144 | D:8      | 6144 ||| FLEEEEING.
  6145 | D:8      | 6145 ||| FLEEEEING.
  6146 | D:8      | 6146 ||| FLEEEEING.
  6147 | D:8      | 6147 ||| FLEEEEING.
  6148 | D:8      | 6148 ||| FLEEEEING.
  6149 | D:8      | 6149 ||| FLEEEEING.
  6150 | D:8      | 6150 ||| FLEEEEING.
  6151 | D:8      | 6151 ||| FLEEEEING.
  6152 | D:8      | 6152 ||| FLEEEEING.
  6153 | D:8      | 6153 ||| FLEEEEING.
  6154 | D:8      | 6154 ||| FLEEEEING.
  6155 | D:8      | 6155 ||| FLEEEEING.
  6156 | D:8      | 6156 ||| FLEEEEING.
  6157 | D:8      | 6157 ||| FLEEEEING.
  6158 | D:8      | 6158 ||| FLEEEEING.
  6159 | D:8      | 6159 ||| FLEEEEING.
  6160 | D:8      | 6160 ||| FLEEEEING.
  6161 | D:8      | 6161 ||| FLEEEEING.
  6162 | D:8      | 6162 ||| FLEEEEING.
  6163 | D:8      | 6163 ||| FLEEEEING.
  6164 | D:8      | 6164 ||| FLEEEEING.
  6165 | D:8      | 6165 ||| FLEEEEING.
  6166 | D:8      | 6166 ||| FLEEEEING.
  6167 | D:8      | 6167 ||| FLEEEEING.
  6168 | D:8      | 6168 ||| FLEEEEING.
  6169 | D:8      | 6169 ||| FLEEEEING.
  6170 | D:8      | 6170 ||| FLEEEEING.
  6230 | D:8      | 6230 ||| Stepping ~*~*~tactically~*~*~ (stealth).
  6232 | D:8      | 6232 ||| Stepping ~*~*~tactically~*~*~ (stealth).
  6322 | D:8      | 6322 ||| INVOKING Heroism.
  6364 | D:8      | Noticed a two-headed ogre
  6365 | D:8      | 6365 ||| INVOKING Heroism.
  6370 | D:8      | Killed a two-headed ogre
  6371 | D:8      | Reached skill level 10 in Axes
  6400 | D:8      | Found a bloodstained altar of Trog.
  6403 | D:8      | Found an ancient bone altar of Kikubaaqudgha.
  6433 | D:8      | Found a runed translucent door.
  6442 | D:8      | 6442 ||| Stepping ~*~*~tactically~*~*~ (hiding).
  6445 | D:8      | 6445 ||| INVOKING Heroism.
  6512 | D:8      | 6512 ||| Stepping ~*~*~tactically~*~*~ (hiding).
  6583 | D:8      | Noticed a two-headed ogre
  6584 | D:8      | 6584 ||| INVOKING Heroism.
  6587 | D:8      | Killed a two-headed ogre
  6704 | D:8      | 6704 ||| READING scroll of enchant weapon.
  6704 | D:8      | 6704 ||| ENCHANTING +3 war axe of flaming.
  7171 | D:8      | 7171 ||| UPGRADING to +2 chain mail of cold resistance.
  7181 | D:8      | 7181 ||| READING scroll labelled HAMNUTYL WYR.
  7182 | D:8      | 7182 ||| READING scroll labelled REOVOF CUMN.
  7182 | D:8      | Identified a scroll of acquirement
  7182 | D:8      | 7182 ||| ACQUIRING +0 broad axe of electrocution
  7182 | D:8      | Acquired a +0 broad axe of electrocution
  7184 | D:8      | 7184 ||| SWAPPING to +0 broad axe of electrocution.
  7185 | D:8      | 7185 ||| READING scroll labelled HYHIDAG LYTEC.
  7186 | D:8      | 7186 ||| DRINKING 2 glowing coppery potions.
  7186 | D:8      | Gained mutation: Your magical capacity is low. (-10% MP)
                  | [potion of mutation]
  7186 | D:8      | Gained mutation: Your large and strong wings let you fly.
                  | [potion of mutation]
  7187 | D:8      | 7187 ||| READING 4 scrolls of identify.
  7187 | D:8      | 7187 ||| IDENTIFYING fizzy emerald potion
  7188 | D:8      | 7188 ||| READING 3 scrolls of identify.
  7188 | D:8      | 7188 ||| IDENTIFYING sedimented silvery potion
  7189 | D:8      | 7189 ||| READING 2 scrolls of identify.
  7189 | D:8      | 7189 ||| IDENTIFYING yellow potion
  7190 | D:8      | 7190 ||| DROPPING potion of ambrosia.
  7244 | D:9      | 7244 ||| Stepping ~*~*~tactically~*~*~ (stealth).
  7246 | D:9      | 7246 ||| Stepping ~*~*~tactically~*~*~ (hiding).
  7254 | D:9      | 7254 ||| INVOKING Heroism.
  7315 | D:9      | 7315 ||| Stepping ~*~*~tactically~*~*~ (hiding).
  7356 | D:9      | Reached *** piety under Okawaru
  7493 | D:9      | 7493 ||| Stepping ~*~*~tactically~*~*~ (hiding).
  7496 | D:9      | 7496 ||| Stepping ~*~*~tactically~*~*~ (hiding).
  7623 | D:9      | 7623 ||| Stepping ~*~*~tactically~*~*~ (hiding).
  7723 | D:9      | Noticed a kobold demonologist
  7727 | D:9      | Noticed an orange demon
  7727 | D:9      | 7727 ||| INVOKING Heroism.
  7733 | D:9      | Noticed a kobold demonologist
  7739 | D:9      | Killed a kobold demonologist
  7740 | D:9      | Reached skill level 11 in Axes
  7750 | D:9      | Killed a kobold demonologist
  7751 | D:9      | Reached XP level 11. HP: 68/69 MP: 0/12
  7756 | D:9      | Reached skill level 9 in Fighting
  7902 | D:9      | 7902 ||| Stepping ~*~*~tactically~*~*~ (hiding).
  8062 | D:9      | Found a shimmering blue altar of Sif Muna.
  8281 | D:9      | 8281 ||| DRINKING 2 clear potions.
  8282 | D:9      | 8282 ||| READING 4 scrolls of identify.
  8282 | D:9      | 8282 ||| IDENTIFYING red potion
  8322 | D:10     | Entered Level 10 of the Dungeon
  8355 | D:10     | 8355 ||| INVOKING Heroism.
  8379 | D:10     | 8379 ||| FLEEEEING.
  8380 | D:10     | 8380 ||| FLEEEEING.
  8390 | D:10     | 8390 ||| STAIRDANCE
  8489 | D:10     | 8489 ||| INVOKING Heroism.
  8544 | D:10     | Noticed Grum
  8545 | D:10     | 8545 ||| Stepping ~*~*~tactically~*~*~ (stealth).
  8581 | D:10     | 8581 ||| INVOKING Heroism.
  8592 | D:10     | Killed Grum
  8689 | D:10     | 8689 ||| Stepping ~*~*~tactically~*~*~ (stealth).
  8764 | D:10     | Reached skill level 12 in Axes
  8940 | D:10     | Found a transporter.
  8970 | D:10     | Reached **** piety under Okawaru
  9034 | D:10     | Noticed a death knight
  9035 | D:10     | 9035 ||| Stepping ~*~*~tactically~*~*~ (hiding).
  9041 | D:10     | 9041 ||| INVOKING Heroism.
  9044 | D:10     | HP: 11/71 [mirror damage (13)]
  9045 | D:10     | 9045 ||| READING 10 scrolls of teleportation.
  9046 | D:10     | 9046 ||| DRINKING 2 potions of heal wounds.
  9256 | D:10     | Noticed an orc knight
  9257 | D:10     | 9257 ||| Stepping ~*~*~tactically~*~*~ (hiding).
  9258 | D:10     | 9258 ||| INVOKING Heroism.
  9261 | D:10     | Found a staircase to the Orcish Mines.
  9266 | D:10     | Killed an orc knight
  9267 | D:10     | Noticed Josephine
  9277 | D:10     | Killed Josephine
  9278 | D:10     | Reached skill level 6 in Shields
  9287 | D:10     | HP: 14/71 [orc warrior/+0 war axe (8)]
  9288 | D:10     | 9288 ||| READING 9 scrolls of teleportation.
  9289 | D:10     | 9289 ||| DRINKING potion of heal wounds.
  9482 | D:10     | 9482 ||| INVOKING Heroism.
  9494 | D:10     | HP: 6/71 [orc priest/divine providence (13)]
  9495 | D:10     | 9495 ||| READING 8 scrolls of teleportation.
  9527 | D:10     | 9527 ||| Stepping ~*~*~tactically~*~*~ (stealth).
  9528 | D:10     | 9528 ||| Stepping ~*~*~tactically~*~*~ (stealth).
  9535 | D:10     | 9535 ||| Stepping ~*~*~tactically~*~*~ (stealth).
  9577 | D:10     | 9577 ||| INVOKING Heroism.
  9579 | D:10     | HP: 15/71 [death knight/+4 morningstar of protection (17)]
  9580 | D:10     | 9580 ||| READING 7 scrolls of teleportation.
  9581 | D:10     | HP: 4/71 [mirror damage (12)]
  9582 | D:10     | Mangled by a death knight

Levels and vault maps discovered:
D:1:      dpeg_arrival_pond, layout_loops_ring
D:2:      layout_rooms, dreamdust_ecumenical_altar_sealed_demon,
          chequers_serial_rivers_small_b
D:3:      layout_rooms, mainiacjoe_overflow_boulevard, minmay_unequal,
          uniq_natasha, uniq_terence, uniq_sigmund
D:4:      layout_cave_pools
D:5:      dreamdust_elfheim, layout_loops_ring, minmay_temple_entry_proselytizer
D:6:      layout_loops_cross, uniq_pikel, uniq_prince_ribbit1, uniq_duvessa
D:7:      layout_cave_pools, mainiacjoe_overflow_concentric_impassable,
          uniq_crazy_yiuf_cottage
D:8:      cheibrodos_histonic, layout_loops_ring, nicolae_overflow_squiral,
          lemuel_round_altar
D:9:      layout_roguey, nicolae_sif_muna_condensation, item_on_display_b
D:10:     layout_loops_ring, david_orc_5, nicolae_diode_basic, uniq_grum,
          uniq_josephine
Temple:   nicolae_temple_superstar

Skill      XL: |  1  2  3  4  5  6  7  8  9 10 11 |
---------------+----------------------------------+-----
Axes           | 2 3 4 5 7 8 9 11 12 | 12.0
Fighting       | 5 6 7 8 9 |  9.4
Dodging        | 1 2 |  2.1
Throwing       | 1 |  1.0
Armour         | 4 6 7 8 |  8.0
Shields        | 5 6 |  6.3
Invocations    | 4 5 |  5.3

Action                     |  1- 3 |  4- 6 |  7- 9 | 10-12 || total
---------------------------+-------+-------+-------+-------++-------
  Melee: War axe           |   121 |    99 |   135 |    63 ||   418
         Broad axe         |       |       |       |   220 ||   220
  Throw: Boomerang         |       |       |    58 |    58 ||   116
 Invoke: Heroism           |       |       |     1 |    13 ||    14
    Use: Scroll            |     6 |     5 |     6 |    12 ||    29
         Potion            |       |       |     2 |     4 ||     6
 Armour: Scale mail        |    59 |       |       |       ||    59
         Chain mail        |     1 |    75 |    53 |   137 ||   266
         Plate armour      |       |       |    34 |    24 ||    58
  Dodge: Dodged            |    69 |    37 |    48 |    93 ||   247
  Block: Buckler           |    18 |    20 |    50 |   170 ||   258
         Reflection        |       |       |     2 |     6 ||     8

Table legend:
 A = Non-vault XP
 B = Vault XP
 C = Vault XP percentage of total XP
 D = Non-vault monster count
 E = Vault monster count
 F = Vault count percentage of total count
                 A         B        C        D         E       F
            +---------+---------+-------+---------+---------+-------
      Total |   11080 |    4908 |  30.7 |     194 |      39 |  16.7
            +---------+---------+-------+---------+---------+-------
        D:1 |      44 |       0 |   0.0 |      25 |       0 |   0.0
        D:2 |      36 |       0 |   0.0 |      14 |       0 |   0.0
        D:3 |     105 |     302 |  74.2 |      20 |       6 |  23.1
        D:4 |     382 |       0 |   0.0 |      16 |       0 |   0.0
        D:5 |    1015 |     254 |  20.0 |      17 |       3 |  15.0
        D:6 |     865 |     912 |  51.3 |      15 |       2 |  11.8
        D:7 |     551 |       0 |   0.0 |      10 |       0 |   0.0
        D:8 |    3263 |       0 |   0.0 |      33 |       0 |   0.0
        D:9 |    2865 |       0 |   0.0 |      27 |       0 |   0.0
       D:10 |    1954 |    3440 |  63.8 |      17 |      28 |  62.2
            +---------+---------+-------+---------+---------+-------
